AoeStats
← nemesis

Highland

504448769Analyzed
4v4 RM · 28d ago on Sep 5, 2026· 64m 38s· 8 players
Game mode
Random Map
Map size
Large (8 player)
Population
200
Speed
Normal
Resources
Standard
Victory
Conquest
Starting age
Dark Age
Ending age
Imperial Age
RankedLock teamsTeams togetherTeam positionsShared explorationLock speedFull tech treeHidden civsTurbo modeCheats
Victory
Defeat
🇯🇵 Lithuanians · Japan
1262
+15
🇮🇳 Wu · India
1250
+16
🇨🇳 Hindustanis · China
1241
+16
🇮🇳 Jurchens · India
1224
+17
🇩🇪 Bohemians · Germany
1368
-21
🇫🇷 Mongols · France
1245
-16
🇸🇪 Koreans · Sweden
1224
-15
🇩🇪 Slavs · Germany
1155
-12
Blomkvistan92
11:31 Feudal Age
15:29 Castle Age
13:16 Loom
15:32 Castle Age
14:11 Double-Bit Axe
17:10 Fletching
21:24 Town Watch
26:16 Bodkin Arrow
26:26 Husbandry
27:12 Wheelbarrow
26:41 Horse Collar
30:31 Ballistics
36:19 Imperial Age
35:42 Scale Mail Armor
36:02 Bow Saw
35:59 Gold Mining
35:58 Pikeman
36:51 Forging
36:57 Chain Mail Armor
37:13 Halberdier
38:31 Iron Casting
38:27 Plate Mail Armor
44:48 Chemistry
46:12 Medium Warships
47:59 Two-Man Saw
47:05 Heavy Plow
49:20 Heavy Warships
50:37 Plate Mail Armor
50:08 Bracer
51:22 Squires
52:09 Capped Ram
53:37 Conscription
53:44 Masonry
53:14 Treadmill Crane
53:31 Murder Holes
54:38 Stone Mining
57:35 Elite Skirmisher
Tada
7:12 Loom
10:27 Feudal Age
11:07 Double-Bit Axe
11:07 Horse Collar
20:25 Castle Age
18:47 Town Watch
19:38 Wheelbarrow
21:25 Bow Saw
24:56 Hand Cart
25:17 Heavy Plow
25:50 Wagenburg Tactics
28:13 Fishing Lines
31:47 Pikeman
35:02 Imperial Age
33:01 Scale Mail Armor
33:11 Forging
33:04 Squires
32:50 Arson
35:09 Iron Casting
34:49 Chain Mail Armor
35:08 Halberdier
37:00 Blast Furnace
37:25 Plate Mail Armor
37:33 Conscription
41:04 Chemistry
40:14 Fletching
41:50 Two-Man Saw
44:00 Bombard Tower
43:21 Treadmill Crane
44:03 Ballistics
43:29 Treadmill Crane
43:49 Bodkin Arrow
43:54 Padded Archer Armor
43:49 Houfnice
48:16 Fervor
48:27 Sanctity
54:17 Leather Archer Armor
54:02 Bracer
53:39 Elite Skirmisher
54:46 Scale Barding Armor
54:36 Light Cavalry
55:19 Husbandry
56:51 Chain Barding Armor
57:02 Ring Archer Armor
bumbsbomba74
7:30 Loom
9:49 Feudal Age
10:25 Double-Bit Axe
13:04 Man-at-Arms
14:48 Horse Collar
20:46 Castle Age
21:37 Bow Saw
21:28 Heavy Plow
22:13 Wheelbarrow
26:47 Hand Cart
31:51 Imperial Age
32:21 Scale Mail Armor
32:41 Detinets
32:06 Onager
32:51 Gold Mining
34:03 Siege Engineers
35:02 Conscription
34:31 Pikeman
35:11 Squires
35:28 Chain Mail Armor
42:45 Scale Barding Armor
42:51 Forging
43:08 Stone Mining
43:56 Gold Shaft Mining
Borg
0:55 Loom
10:13 Feudal Age
11:07 Double-Bit Axe
14:31 Castle Age
15:32 Bow Saw
20:12 Stone Mining
20:27 Horse Collar
21:46 Wheelbarrow
21:41 Gold Mining
23:18 Hand Cart
24:07 Fletching
25:27 Bloodlines
25:17 Husbandry
26:28 Padded Archer Armor
26:31 Town Watch
27:38 Leather Archer Armor
28:13 Heavy Plow
28:12 Bodkin Arrow
28:24 Scale Barding Armor
28:21 Husbandry
32:42 Imperial Age
30:51 Ballistics
32:15 Masonry
32:20 Medium Warships
31:32 Demolition Ship
33:23 Bracer
32:58 Elite Mangudai
34:12 Conscription
36:05 Hoardings
38:17 Coinage
40:21 Chain Barding Armor
41:04 Chemistry
40:28 Drill
46:59 Light Cavalry
47:56 Forging
52:36 Hussar
GAF
10:48 Feudal Age
12:07 Double-Bit Axe
12:04 Horse Collar
14:33 Castle Age
15:38 Bow Saw
15:29 Heavy Plow
20:58 Gold Mining
24:43 Wheelbarrow
24:57 Town Watch
25:55 Hand Cart
31:26 Imperial Age
29:39 Scale Barding Armor
29:44 Forging
29:39 Loom
30:27 Husbandry
30:38 Bloodlines
31:06 Chain Barding Armor
31:51 Iron Casting
31:46 Elite Steppe Lancer
34:44 Plate Barding Armor
35:09 Blast Furnace
37:16 Caravan
40:42 Conscription
40:03 Light Cavalry
42:21 Fletching
42:31 Padded Archer Armor
43:05 Guilds
42:25 Hussar
44:40 Bodkin Arrow
45:01 Leather Archer Armor
45:48 Chemistry
44:32 Treadmill Crane
48:00 Elite Skirmisher
53:32 Siege Engineers
57:17 Bracer
57:48 Ring Archer Armor
61:02 Spies/Treason
nemesis
10:54 Feudal Age
14:54 Castle Age
14:58 Loom
15:27 Double-Bit Axe
15:44 Horse Collar
22:30 Bow Saw
28:11 Imperial Age
27:05 Red Cliffs Tactics
28:11 Gold Mining
28:58 Town Watch
29:49 Wheelbarrow
29:34 Fletching
30:09 Ballistics
31:14 Conscription
30:55 Bodkin Arrow
31:45 Bracer
32:23 Heavy Plow
32:05 Pikeman
32:45 Squires
34:07 Chemistry
33:58 Scale Mail Armor
34:17 Halberdier
35:14 Chain Mail Armor
36:48 Plate Mail Armor
37:18 Forging
40:12 Iron Casting
40:42 Padded Archer Armor
41:43 Elite Fire Archer
42:27 Sitting Tiger
43:00 Leather Archer Armor
43:46 Blast Furnace
42:28 Treadmill Crane
43:00 Masonry
42:42 Arson
52:08 Guilds
58:59 Architecture
62:56 Spies/Treason
KEVINWEN
10:47 Feudal Age
16:06 Castle Age
15:48 Double-Bit Axe
15:46 Horse Collar
15:57 Stone Mining
15:58 Gold Mining
19:21 Wheelbarrow
19:21 Bow Saw
19:48 Heavy Plow
19:39 Gold Mining
21:03 Loom
25:27 Hand Cart
27:10 Gold Shaft Mining
26:51 Scale Barding Armor
26:56 Forging
29:47 Imperial Age
29:50 Chain Barding Armor
30:06 Iron Casting
31:40 Two-Man Saw
30:57 Squires
31:01 Husbandry
31:12 Bloodlines
30:23 Heavy Camel Rider
31:18 Bloodlines
30:38 Heavy Camel Rider
31:26 Caravan
32:59 Plate Barding Armor
33:31 Blast Furnace
37:01 Padded Archer Armor
38:37 Chemistry
37:43 Siege Engineers
37:59 Ballistics
37:36 Murder Holes
37:51 Fortified Wall
37:53 Masonry
37:10 Imperial Camel Rider
37:13 Light Cavalry
38:48 Conscription
38:29 Grand Trunk Road
40:54 Leather Archer Armor
42:56 Ring Archer Armor
42:54 Shatagni
47:30 Arson
47:50 Scale Mail Armor
47:52 Hussar
50:34 Chain Mail Armor
61:44 Spies/Treason
hot
8:51 Loom
10:36 Feudal Age
12:55 Wheelbarrow
12:06 Double-Bit Axe
14:57 Castle Age
13:52 Horse Collar
16:36 Bow Saw
20:59 Fletching
25:04 Scale Barding Armor
25:09 Forging
29:02 Gold Mining
31:20 Bloodlines
31:54 Husbandry
39:37 Imperial Age
38:15 Chain Barding Armor
38:31 Iron Casting
40:08 Medium Warships
40:04 Cavalier
41:21 Plate Barding Armor
44:34 Bodkin Arrow
46:17 Heavy Warships
48:56 Bracer
50:18 Ballistics
50:59 Chemistry
50:28 Hand Cart
50:26 Capped Ram
51:51 Padded Archer Armor
51:50 Man-at-Arms
52:30 Squires
52:16 Arson
52:32 Scale Mail Armor
53:55 Long Swordsman
54:52 Chain Mail Armor
54:51 Two-Handed Swordsman
59:55 Caravan
60:58 Champion
Connection lost

Rejoining the realm…

Still unreachable

The connection could not be restored.

Session expired

The server has moved on; the page needs a fresh start.